 Dungeon Crawl Stone Soup version 0.30.1-4-g462c640d31 (webtiles) character file.

Game seed: 8067811323941718780

1 Peloso the Shield-Bearer (level 1, -1/18 HPs)
             Began as a Formicid Fighter on Aug 28, 2023.
             Slain by a hobgoblin (2 damage)
             ... on level 1 of the Dungeon.
             The game lasted 00:00:13 (162 turns).

Peloso the Shield-Bearer (Formicid Fighter)          Turns: 162, Time: 00:00:14

Health: -1/18      AC:  6    Str: 20    XL:     1   Next: 22%
Magic:  1/1        EV:  6    Int:  7    God:
Gold:   17         SH:  5    Dex: 13    Spells: 0/0 levels left

rFire   . . .        a - +0 long sword
rCold   . . .        c - +0 buckler
rNeg    . . .        b - +0 scale mail
rPois   .            (helmet unavailable)
rElec   .            (no cloak)
rCorr   .            (no gloves)
SInv    +            (no boots)
Will    .....        (no amulet) Stlth
                     (no ring)
HPRegen 0.23/turn    (no ring)
MPRegen 0.07/turn

%: no passive effects
@: lethally poisoned (-1 -> -3), constricted
A: permanent stasis, dig shafts and tunnels, antennae 3, four strong arms
a: Dig, Shaft Self


You were on level 1 of the Dungeon.
You visited 1 branch of the dungeon, and saw 1 of its levels.

You collected 17 gold pieces.

Inventory:

Hand Weapons
 a - a +0 long sword (weapon)
Armour
 b - a +0 scale mail (worn)
 c - a +0 buckler (worn)
Potions
 d - a potion of might
 e - a potion of invisibility {unknown}


   Skills:
 + Level 3.3 Fighting
 + Level 2.0 Long Blades
 + Level 3.3 Armour
 + Level 4.0 Shields


You couldn't memorise any spells.
You didn't know any spells.
Your spell library contained the following spells:

 Spells                   Type           Power      Damage    Failure   Level
 Sandblast                Erth           0%         2d4       86%         1
 Passwall                 Tmut/Erth      0%         N/A       94%         2
 Stone Arrow              Conj/Erth      0%         3d7       99%         3


Dungeon Overview and Level Annotations

Branches:
Dungeon (1/15)

Altars:


Innate Abilities, Weirdness & Mutations

You cannot be hasted, slowed, berserked, paralysed or teleported.
You can dig through walls and to a lower floor.
You have a pair of large antennae on your head. (SInv)
Your four strong arms can wield two-handed weapons with a shield.


Message History

You barely miss the goblin.
You feel very sick.
The hobgoblin shouts!
The goblin misses you.
Unknown command.
You barely miss the goblin.
You feel sick. You block the goblin's attack.
Unknown command.
You hit the goblin.
The goblin is severely wounded.
You feel sick. The goblin barely misses you.
The ball python bites you but does no damage.
The ball python barely misses you. The goblin hits you but does no damage.
You are more poisoned.
Unknown command.
You hit the goblin.
You kill the goblin!
You feel very sick. You block the ball python's attack.
The ball python closely misses you. The ball python bites you.
The ball python completely misses you.
You feel sick. The hobgoblin barely misses you.
The ball python closely misses you. You block the ball python's attack.
Things that are here:
a +0 dagger of venom; a goblin corpse You feel sick.
Unknown command.
You hit the ball python but do no damage.
You feel sick. The ball python bites you.
* * * LOW HITPOINT WARNING * * *
You block the ball python's attack. The hobgoblin hits you.
* * * LOW HITPOINT WARNING * * *
The ball python bites you but does no damage.
The ball python completely misses you.
You barely miss the ball python.
* * * LOW HITPOINT WARNING * * *
You feel sick. The hobgoblin barely misses you.
The ball python barely misses you. The ball python grabs you.
The ball python constricts you.
* * * LOW HITPOINT WARNING * * *
The hobgoblin hits you.
You die...

..### #### #.#.. #...
#.#.# # #... #.#.#
..##... #.#.# .......
#.#.# ...^...###
######.... ......$..#
#..##..##. #...[..@.#
#..##..##.
#.....gS)++######..##..#
...............##..##..#
.................##..##.
.................##<.##.
...####........##..##..#
... ###########..##..#
.. #..##..##. #..##..##.


You could see a hobgoblin and a ball python.

Vanquished Creatures
  A goblin (D:1)
1 creature vanquished.

Notes
Turn   | Place    | Note
-------+----------+-------------------------------------------
     0 | D:1      | Peloso the Formicid Fighter began the quest for the Orb.
     0 | D:1      | Reached XP level 1. HP: 18/18 MP: 1/1
   162 | D:1      | Slain by a hobgoblin

Illustrated notes

Levels and vault maps discovered:
D:1:      lightli_iron_boxes, layout_basic, patterned_corridor

Action                     || total
---------------------------++-------
  Melee: Long sword        ||     6
 Armour: Scale mail        ||     4
  Dodge: Dodged            ||    10
  Block: Buckler           ||     4
